 Dungeon Crawl Stone Soup version 0.28.0-45-g0d030f2227 (webtiles) character file.

Game seed: 7982922360050109730

149 Bruhh the Chiller (level 5, 0/37 HPs)
             Began as a Gnoll Ice Elementalist on Apr 21, 2022.
             Constricted to death by a ball python (1 damage)
             ... on level 4 of the Dungeon.
             The game lasted 00:05:46 (3638 turns).

Bruhh the Chiller (Gnoll Ice Elementalist)          Turns: 3638, Time: 00:05:47

Health: 0/37       AC:  3    Str:  8    XL:     5   Next: 31%
Magic:  5/12       EV: 10    Int: 16    God:
Gold:   126        SH:  0    Dex: 12    Spells: 7/14 levels left

rFire   . . .      SeeInvis .     - Unarmed
rCold   . . .      Faith    .   (no shield)
rNeg    . . .      Spirit   .   a - +0 robe
rPois   .          Reflect  .   (no helmet)
rElec   .          Harm     .   (no cloak)
rCorr   .          Rampage  .   (no gloves)
Will    .....                   i - +0 pair of boots
Stlth   +++.......              (no amulet)
HPRegen 0.12/turn               (no ring)
MPRegen 0.13/turn               (no ring)

@: constricted
A: fangs 1, strong nose, distributed training
a: no special abilities


You were on level 4 of the Dungeon.
You visited 1 branch of the dungeon, and saw 4 of its levels.

You collected 126 gold pieces.

Inventory:

Armour
 a - a +0 robe (worn)
 i - a +0 pair of boots (worn)
Wands
 f - a wand of digging (4)
 j - a wand of mindburst (10)
Scrolls
 c - a scroll of immolation {unknown}
 d - a scroll of amnesia {unknown}
 g - a scroll of fog {unknown}
 h - 2 scrolls of identify {unknown}
Potions
 b - a potion of magic {unknown}
 e - a potion of degeneration {unknown}


   Skills:
 + Level 1.4 Fighting
 + Level 1.4 Short Blades
 + Level 1.4 Long Blades
 + Level 1.4 Axes
 + Level 1.4 Maces & Flails
 + Level 1.4 Polearms
 + Level 1.4 Staves
 + Level 1.4 Slings
 + Level 1.4 Bows
 + Level 1.4 Crossbows
 + Level 1.4 Throwing
 + Level 1.4 Armour
 + Level 4.7 Dodging
 + Level 4.4 Stealth
 + Level 1.4 Shields
 + Level 1.4 Unarmed Combat
 + Level 5.2 Spellcasting
 + Level 1.1 Conjurations
 + Level 1.1 Hexes
 + Level 1.1 Summonings
 + Level 1.1 Necromancy
 + Level 1.1 Translocations
 + Level 1.1 Transmutations
 + Level 1.1 Fire Magic
 + Level 7.2 Ice Magic
 + Level 1.1 Air Magic
 + Level 1.1 Earth Magic
 + Level 1.1 Poison Magic
 + Level 1.6 Invocations
 + Level 1.4 Evocations


You had 7 spell levels left.
You knew the following spells:

 Your Spells              Type           Power      Damage    Failure   Level
a - Freeze                Ice            100%       1d11      1%          1
b - Frozen Ramparts       Ice            54%        1d7       2%          3
c - Ozocubu's Armour      Ice            27%        N/A       2%          3

Your spell library contained the following spells:

 Spells                   Type           Power      Damage    Failure   Level
 Blink                    Tloc           14%        N/A       14%         2
 Hailstorm                Conj/Ice       17%        3d6       26%         4
 Manifold Assault         Tloc           7%         N/A       95%         5
 Storm Form               Tmut/Air       3%         N/A       100%        7


Dungeon Overview and Level Annotations

Branches:
Dungeon (4/15)
 Temple: D:4-7

Altars:
Elyvilon
Fedhas
Gozag
Qazlal
Ru


Innate Abilities, Weirdness & Mutations

You have very sharp teeth.
Your uncanny sense of smell can sniff out nearby items.
Your experience applies equally to all skills.


Message History

The ball python constricts you. The ball python bites you.
The ball python constricts you.
The ball python bites you but does no damage.
The ball python constricts you. The ball python closely misses you.
The ball python constricts you. The ball python bites you.
The ball python constricts you. The ball python barely misses you.
The ball python constricts you.
The ball python bites you but does no damage.
The ball python constricts you. The ball python misses you.
The ball python constricts you. The ball python closely misses you.
The ball python constricts you. The ball python bites you.
The ball python constricts you. The ball python barely misses you.
The ball python constricts you. The ball python bites you.
The ball python constricts you. The ball python misses you.
The ball python constricts you.
* * * LOW HITPOINT WARNING * * *
The ball python barely misses you. The ball python constricts you.
The ball python bites you.
* * * LOW HITPOINT WARNING * * *
The ball python constricts you.
* * * LOW HITPOINT WARNING * * *
The ball python completely misses you. The ball python constricts you.
* * * LOW HITPOINT WARNING * * *
The ball python bites you but does no damage.
The ball python constricts you.
* * * LOW HITPOINT WARNING * * *
The ball python bites you.
* * * LOW HITPOINT WARNING * * *
The ball python constricts you. The ball python bites you.
* * * LOW HITPOINT WARNING * * *
The ball python constricts you.
The ball python bites you but does no damage.
The ball python constricts you. The ball python closely misses you.
The ball python constricts you.
An ogre comes into view. It is wielding a +0 giant spiked club.
The ball python bites you.
* * * LOW HITPOINT WARNING * * *
The ball python constricts you.
You die...

#.##.......#
###†......####
#.........#
#.##.....>#
#.###...#.# #.#
##.##.# #.# #.#
. #.# #.# ##
#@# #.# #S# #.#
#...........#
......#.####...
........O ###.#
### #. #


You could see an ogre (wandering) and a ball python.

Vanquished Creatures
  A centaur skeleton (D:4)
  An orc wizard (D:3)
  2 adders (D:2)
  A dart slug (D:1)
  3 orcs (D:3)
  12 bats
  6 endoplasms
  2 giant cockroaches
  4 goblins
  6 hobgoblins
  3 jackals
  4 quokkas
  7 ball pythons
  5 frilled lizards
  7 kobolds
  7 rats
71 creatures vanquished.

Vanquished Creatures (others)
  12 plants (D:3)
12 creatures vanquished.

Grand Total: 83 creatures vanquished

Notes
Turn   | Place    | Note
-------+----------+-------------------------------------------
     0 | D:1      | Bruhh the Gnoll Ice Elementalist began the quest for the
                  | Orb.
     0 | D:1      | Reached XP level 1. HP: 13/13 MP: 6/6
   140 | D:1      | Reached XP level 2. HP: 16/19 MP: 4/7
   870 | D:1      | Found a faded altar of an unknown god.
   944 | D:1      | Reached XP level 3. HP: 25/25 MP: 7/9
  1127 | D:2      | Reached skill level 5 in Spellcasting
  1435 | D:2      | Reached skill level 1 in Invocations
  1720 | D:2      | Reached skill level 1 in Fighting
  1720 | D:2      | Reached skill level 1 in Short Blades
  1720 | D:2      | Reached skill level 1 in Long Blades
  1720 | D:2      | Reached skill level 1 in Axes
  1720 | D:2      | Reached skill level 1 in Maces & Flails
  1720 | D:2      | Reached skill level 1 in Polearms
  1720 | D:2      | Reached skill level 1 in Staves
  1720 | D:2      | Reached skill level 1 in Slings
  1720 | D:2      | Reached skill level 1 in Bows
  1720 | D:2      | Reached skill level 1 in Crossbows
  1720 | D:2      | Reached skill level 1 in Throwing
  1720 | D:2      | Reached skill level 1 in Armour
  1720 | D:2      | Reached skill level 1 in Shields
  1720 | D:2      | Reached skill level 1 in Unarmed Combat
  1720 | D:2      | Reached skill level 1 in Evocations
  1820 | D:2      | Learned a level 3 spell: Frozen Ramparts
  1824 | D:2      | Learned a level 3 spell: Ozocubu's Armour
  1888 | D:2      | Reached XP level 4. HP: 32/32 MP: 9/11
  2410 | D:3      | Found a sacrificial altar of Ru.
  2421 | D:3      | Reached skill level 1 in Conjurations
  2421 | D:3      | Reached skill level 1 in Hexes
  2421 | D:3      | Reached skill level 1 in Summonings
  2421 | D:3      | Reached skill level 1 in Necromancy
  2421 | D:3      | Reached skill level 1 in Translocations
  2421 | D:3      | Reached skill level 1 in Transmutations
  2421 | D:3      | Reached skill level 1 in Fire Magic
  2421 | D:3      | Reached skill level 1 in Air Magic
  2421 | D:3      | Reached skill level 1 in Earth Magic
  2421 | D:3      | Reached skill level 1 in Poison Magic
  2486 | D:3      | Found a blossoming altar of Fedhas.
  2494 | D:3      | Found a stormy altar of Qazlal.
  2836 | D:3      | Found an opulent altar of Gozag.
  3105 | D:3      | Found a white marble altar of Elyvilon.
  3135 | D:3      | Reached XP level 5. HP: 37/37 MP: 10/12
  3638 | D:4      | Noticed an ogre
  3638 | D:4      | HP: 1/37 [ball python (2)]
  3638 | D:4      | Constricted to death by a ball python

Illustrated notes

Levels and vault maps discovered:
D:1:      lightli_arrival_chessboard, layout_loops_ring,
          ebering_ecumenical_altar_petrified, grunt_decor_clamped,
          wad_floor_pattern_2, grunt_decor_cap
D:2:      layout_loops_corners
D:3:      layout_loops_cross, nicolae_elyvilon_temple_path,
          nicolae_ru_great_annihilating_truth,
          grunt_temple_overflow_forces_of_nature, grunt_gozag_breadcrumbs
D:4:      layout_loops_ring, tso_metal_star, kennysheep_vampire_church,
          uniq_robin

Skill      XL: |  1  2  3  4 |
---------------+-------------+-----
Spellcasting   | 5 |  5.2
Invocations    | 1 |  1.6
Fighting       | 1 |  1.4
Short Blades   | 1 |  1.4
Long Blades    | 1 |  1.4
Axes           | 1 |  1.4
Maces & Flails | 1 |  1.4
Polearms       | 1 |  1.4
Staves         | 1 |  1.4
Slings         | 1 |  1.4
Bows           | 1 |  1.4
Crossbows      | 1 |  1.4
Throwing       | 1 |  1.4
Armour         | 1 |  1.4
Shields        | 1 |  1.4
Unarmed Combat | 1 |  1.4
Evocations     | 1 |  1.4
Conjurations   | 1 |  1.1
Hexes          | 1 |  1.1
Summonings     | 1 |  1.1
Necromancy     | 1 |  1.1
Translocations | 1 |  1.1
Transmutations | 1 |  1.1
Fire Magic     | 1 |  1.1
Air Magic      | 1 |  1.1
Earth Magic    | 1 |  1.1
Poison Magic   | 1 |  1.1
Dodging        | |  4.7
Stealth        | |  4.4
Ice Magic      | |  7.2

Action                   |  1- 3 |  4- 6 || total
-------------------------+-------+-------++-------
Melee: Unarmed           |    20 |    25 ||    45
       Bite              |     1 |     1 ||     2
       Punch             |       |     1 ||     1
 Cast: Freeze            |    47 |    59 ||   106
 Stab: Sleeping          |     1 |     3 ||     4
Armor: Robe              |    14 |    25 ||    39
Dodge: Dodged            |    34 |    74 ||   108
